 Dungeon Crawl Stone Soup version 0.24-a0-254-gf493760 (webtiles) character file.

Game seed: 13242970791296338326

603 Lanoc the Chopper (level 7, -1/54 HPs)
             Began as a Formicid Gladiator on Apr 18, 2019.
             Slain by an orc
             ... wielding a +0 hand axe
              (2 damage)
             ... on level 6 of the Dungeon.
             The game lasted 00:03:27 (2858 turns).

Lanoc the Chopper (Formicid Gladiator)              Turns: 2858, Time: 00:03:28

Health: -1/54      AC:  6    Str: 19    XL:     7   Next: 70%
Magic:  7/7        EV: 12    Int:  7    God:
Gold:   94         SH:  0    Dex: 14    Spells: 6/6 levels left

rFire    + . .     SeeInvis +   a - +0 war axe
rCold    + . .     Gourm    .   (no shield)
rNeg     + . .     Faith    .   e - +0 scale mail
rPois    +         Spirit   .   (helmet unavailable)
rElec    +         Reflect  .   (no cloak)
rCorr    +         Harm     .   (no gloves)
MR       .....                  (no boots)
Stlth    ..........             (no amulet)
HPRegen  0.18/turn              n - ring of positive energy
MPRegen  0.10/turn              (no ring)

@: resistant
A: permanent stasis, dig shafts and tunnels, four strong arms, antennae 3
a: Dig, Shaft Self


You were on level 6 of the Dungeon.
You were not hungry.

You visited 1 branch of the dungeon, and saw 4 of its levels.

You collected 94 gold pieces.

Inventory:

Hand Weapons
 a - a +0 war axe (weapon)
Missiles
 c - 3 throwing nets (quivered)
Armour
 e - a +0 scale mail (worn)
Jewellery
 n - a ring of positive energy (left hand)
 q - a +5 ring of strength
Scrolls
 b - 5 scrolls of remove curse {unknown}
 f - a scroll of enchant weapon {unknown}
 g - 2 scrolls of identify {unknown}
 i - 2 scrolls of teleportation {unknown}
 j - 2 scrolls of enchant armour {unknown}
 k - a scroll of immolation {unknown}
 m - a scroll of blinking {unknown}
Potions
 h - a potion of resistance
 l - a potion of ambrosia {unknown}
 o - a potion of curing {unknown}
 r - a potion of brilliance {unknown}
 s - 2 potions of might {unknown}
Comestibles
 d - 5 rations
 p - a chunk of flesh


   Skills:
 + Level 4.2 Fighting
 * Level 5.7 Axes
 - Level 2.0 Throwing
 + Level 3.4 Armour
 + Level 4.1 Dodging


You had 6 spell levels left.
You didn't know any spells.
Your spell library was empty.

Dungeon Overview and Level Annotations

Branches:
Dungeon (3/15)

Altars:
Hepliaklqana
Ru
Xom
Zin

Shops:
D:6 [


Innate Abilities, Weirdness & Mutations

You cannot be hasted, slowed, berserked, paralysed or teleported.
You can dig through walls and to a lower floor.
Your four strong arms can wield two-handed weapons with a shield.
You have a pair of large antennae on your head. (SInv)


Message History

The orc warrior is lightly wounded.
You closely miss the orc. The orc misses you.
The centaur unwields a +0 shortbow.
The centaur barely misses you.
The orc warrior hits you with a +0 scimitar!
You are too injured to fight recklessly!
You are too injured to fight recklessly!
You hit the orc warrior.
The orc warrior is moderately wounded.
You hit the orc. You closely miss the orc. You hit the centaur.
The orc hits you with a +0 hand axe. The centaur hits you.
* * * LOW HITPOINT WARNING * * *
The orc hits you but does no damage.
The orc warrior hits you with a +0 scimitar.
* * * LOW HITPOINT WARNING * * *
It was a potion of resistance.
You feel protected. The centaur hits you.
* * * LOW HITPOINT WARNING * * *
The orc hits you with a +0 hand axe.
You die...

.....# #.# .....# #.#
.....# #.# .....##
#######'###### ......#
#............# ......#
#...[........# ......#
#...........†# ......#
##+###c?..........######
......#
......o@..........'.....
......#
.....ooo..........######
(.....#
......############# #
......# ...>.. # ......#
..... # ......## ....$ #
.......# .... # .......#
.... # ######.# #


You could see an orc warrior, a centaur and 3 orcs.

Vanquished Creatures
  A black bear (D:6)
  A centaur (D:6)
  A crimson imp (D:6)
  3 hounds (D:6)
  2 orc priests (D:6)
  An orc wizard (D:6)
  A bullfrog skeleton (D:6)
  An iguana (D:6)
  2 worker ants (D:6)
  5 adders
  A shadow imp (D:6)
  6 worms
  2 dart slugs
  4 leopard geckos
  6 orcs (D:6)
  A ball python (D:1)
  2 giant cockroaches (D:2)
  5 goblins
  5 hobgoblins
  5 jackals
  2 quokkas (D:2)
  3 bats
  A frilled lizard (D:2)
  A kobold (D:2)
62 creatures vanquished.

Notes
Turn   | Place    | Note
-------+----------+-------------------------------------------
     0 | D:1      | Lanoc the Formicid Gladiator began the quest for the Orb.
     0 | D:1      | Reached XP level 1. HP: 16/16 MP: 1/1
    86 | D:1      | Reached XP level 2. HP: 15/23 MP: 2/2
   353 | D:2      | Reached skill level 1 in Armour
   353 | D:2      | Reached XP level 3. HP: 28/28 MP: 3/3
   693 | D:2      | Reached XP level 4. HP: 24/34 MP: 4/4
   719 | D:2      | Found a hazy altar of Hepliaklqana.
   720 | D:2      | Found a shimmering altar of Xom.
   720 | D:2      | Noticed a soldier ant
   721 | D:2      | Noticed a soldier ant
   721 | D:2      | Noticed a spectral ugly thing
  1256 | D:2      | Reached skill level 4 in Axes
  1305 | D:3      | Reached XP level 5. HP: 31/41 MP: 5/5
  1345 | D:3      | Found a glowing silver altar of Zin.
  1345 | D:3      | You fall through a shaft for 3 floors!
  1514 | D:6      | Reached XP level 6. HP: 18/47 MP: 6/6
  1738 | D:6      | Reached skill level 5 in Axes
  1936 | D:6      | Found a sacrificial altar of Ru.
  1946 | D:6      | Found Atsaqunn's Armour Emporium.
  2210 | D:6      | Reached XP level 7. HP: 17/53 MP: 7/7
  2858 | D:6      | HP: 1/54 [centaur (5)]
  2858 | D:6      | Slain by an orc

Levels and vault maps discovered:
D:1:      minmay_arrival_statue_studded, layout_rooms
D:2:      wad_river_or_something, layout_basic, regret_index_temple_of_mockery,
          serial_forest, infiniplex_forest_straight_1,
          infiniplex_forest_lined_corner, infiniplex_forest_clump_small,
          infiniplex_forest_lined_room_2, infiniplex_forest_clump_curved,
          infiniplex_forest_lined_ring, infiniplex_forest_lined_2
D:3:      layout_loops_ring, gammafunk_temple_of_torment, zin_treasury,
          first_ration
D:6:      layout_basic, nicolae_ru_the_path_less_chosen, serial_shops, shop

Skill      XL: |  1  2  3  4  5  6  7 |
---------------+----------------------+-----
Armour         | 1 2 3 |  3.4
Dodging        | 3 4 |  4.1
Axes           | 4 5 |  5.7
Fighting       | 3 4 |  4.2
Throwing       | |  2.0

Action                   |  1- 3 |  4- 6 |  7- 9 || total
-------------------------+-------+-------+-------++-------
Melee: War axe           |    80 |   124 |    33 ||   237
  Use: Potion            |       |       |     1 ||     1
  Eat: Chunk             |       |     4 |     3 ||     7
Armor: Scale mail        |    41 |    46 |    10 ||    97
Dodge: Dodged            |    58 |    93 |    42 ||   193

Table legend:
 A = Non-vault XP
 B = Vault XP
 C = Vault XP percentage of total XP
 D = Non-vault monster count
 E = Vault monster count
 F = Vault count percentage of total count
                 A         B        C        D         E       F
            +---------+---------+-------+---------+---------+-------
      Total |     830 |      32 |   3.7 |      53 |       9 |  14.5
            +---------+---------+-------+---------+---------+-------
        D:1 |      21 |       0 |   0.0 |       9 |       0 |   0.0
        D:2 |      80 |      32 |  28.6 |      17 |       9 |  34.6
        D:3 |      24 |       0 |   0.0 |       5 |       0 |   0.0
        D:6 |     705 |       0 |   0.0 |      22 |       0 |   0.0
            +---------+---------+-------+---------+---------+-------
